 Dungeon Crawl Stone Soup version 0.21.0-3-g78d12a8bdd (webtiles) character file.

5822 Rrauwl the Fighter (level 10, -8/68 HPs)
             Began as a Gargoyle Artificer on Jan 9, 2018.
             Was an Elder of Elyvilon.
             Mangled by a freezing wraith (10 damage)
             ... in an ice cave.
             The game lasted 00:47:31 (7280 turns).

Rrauwl the Fighter (Gargoyle Artificer)             Turns: 7280, Time: 00:47:31

Health: -8/68      AC: 13    Str: 16      XL:     10   Next: 80%
Magic:  16/16      EV: 11    Int: 10 (13) God:    Elyvilon [****..]
Gold:   388        SH:  3    Dex: 10 (12) Spells: 17/17 levels left

rFire    + . .     SeeInvis .   b - +1 hand crossbow (flame)
rCold    . . .     Gourm    +   g - +0 buckler
rNeg     + . .     Faith    .   l - +1 troll leather armour
rPois    ∞         Spirit   .   u - +0 helmet
rElec    +         Reflect  .   (no cloak)
rCorr    .         Harm     .   (no gloves)
MR       +....                  (no boots)
Stlth    +.........             L - amulet of the gourmand
HPRegen  0.61/turn              i - ring of protection from magic
MPRegen  0.15/turn              v - ring of protection from fire

@: protection, slowed, very slow
A: negative energy resistance 1, electricity resistance, unbreathing,
petrification resistance, rot immunity, AC +7
a: Lesser Healing, Heal Other, Purification, Greater Healing, Divine Protection,
Renounce Religion


You were in an ice cave.
You worshipped Elyvilon.
Elyvilon was greatly pleased with you.
You were not hungry.

You visited 3 branches of the dungeon, and saw 10 of its levels.
You also visited: Ice Cave.

You collected 388 gold pieces.

Inventory:

Hand Weapons
 b - a +1 hand crossbow of flaming (weapon)
Missiles
 h - 5 bolts (quivered)
Armour
 g - a +0 buckler (worn)
 l - a +1 troll leather armour (worn)
 u - a +0 helmet (worn)
Magical Staves
 a - an uncursed staff of poison
Jewellery
 i - a ring of protection from magic (left hand)
 v - a ring of protection from fire (right hand)
 L - an amulet of the gourmand (around neck)
Wands
 d - a wand of enslavement (13)
 o - a wand of polymorph (12)
 x - a wand of disintegration (11)
 y - a wand of clouds (6)
 B - a wand of paralysis (1)
 J - a wand of flame (12)
Scrolls
 e - 3 scrolls of remove curse
 j - 3 scrolls of amnesia
 k - 11 scrolls of identify
 r - 6 scrolls of teleportation
 F - a scroll of blinking
Potions
 m - a potion of invisibility
 p - a potion of lignification {unknown}
 q - 4 potions of curing
 w - a potion of berserk rage {unknown}
 z - a potion of haste {unknown}
 H - a potion of might {unknown}
Comestibles
 f - 7 rations


   Skills:
 - Level 10.0 Fighting
   Level 1.1 Short Blades
 + Level 6.1 Staves
 + Level 6.0 Crossbows
 + Level 1.9 Armour
 - Level 2.0 Dodging
 - Level 1.1 Stealth
 + Level 1.9 Shields
 - Level 4.0 Spellcasting
 - Level 8.0 Invocations
 - Level 3.0 Evocations


You had 17 spell levels left.
You didn't know any spells.

Dungeon Overview and Level Annotations

Branches:
Dungeon (8/15)             Temple (1/1) D:4            Lair (1/6) D:8

Altars:
Ashenzari
Dithmenos
Elyvilon
Fedhas
Gozag
Hepliaklqana
Kikubaaqudgha
Nemelex Xobeh
Okawaru
Qazlal
Ru
Sif Muna
Uskayaw
Vehumet
Wu Jian
Xom
Yredelemnul
Zin

Shops:
D:7 [


Innate Abilities, Weirdness & Mutations

You are resistant to torment.
Your stone body is resilient. (AC +7)
You are immune to poison.
You resist negative energy. (rN+)
You are resistant to electric shocks. (rElec)
You can survive without breathing.
You are immune to petrification.
You are immune to rotting.


Message History

The freezing wraith is moderately damaged.
The freezing wraith closely misses you. The freezing wraith misses you. x2
The freezing wraith hits you. Elyvilon protects you from harm!
The freezing wraith drains your vigour!
You feel as though you will be slow longer.
Firing (i - inventory):
h - 6 bolts (quivered)
Press: ? - help, Shift-Dir - straight line, f/p - freezing wraith
Aim: a freezing wraith (moderately damaged)
You shoot a bolt. The bolt hits the freezing wraith!
The bolt burns the freezing wraith.
The freezing wraith is moderately damaged.
The freezing wraith misses you. The freezing wraith hits you!
Elyvilon protects you from harm! The freezing wraith hits you.
* * * LOW HITPOINT WARNING * * *
The freezing wraith freezes you! Elyvilon protects you from harm!
The freezing wraith hits you!
You die...

#####
##...##
##..∩..##
#.......#
#...∩...#
##.....##
##...##
#@W(##
##...#
##...#
##...##
#...##
#..##
##..##
##(.#
####(.####


You could see a freezing wraith.

Vanquished Creatures
  A two-headed ogre (D:8)
  Pikel (D:5)
  A freezing wraith (IceCv)
  2 rime drakes (Lair:1)
  A spriggan (D:7)
  A wraith (D:7)
  A hungry ghost (D:8)
  A porcupine (Lair:1)
  4 slaves (D:5)
  An alligator simulacrum (IceCv)
  5 ice beasts (IceCv)
  3 sky beasts
  3 black bears
  2 necrophages (D:7)
  A phantom (D:5)
  4 ogres
  A centaur (D:8)
  A crocodile (Lair:1)
  An elf zombie (D:7)
  3 bullfrogs
  A scorpion (D:8)
  A killer bee (D:8)
  A howler monkey (D:7)
  A wight (D:7)
  3 crimson imps
  A bullfrog zombie (D:8)
  A centaur zombie (D:7)
  A quasit (D:8)
  2 human zombies (D:7)
  3 orc priests
  5 orc wizards
  A bullfrog skeleton (D:7)
  3 iguanas
  5 human skeletons (D:7)
  Ijyb (D:5)
  4 worker ants
  A mummy (D:7)
  A howler monkey zombie (D:5)
  13 adders
  3 gnolls (D:3)
  2 shadow imps (D:7)
  5 white imps (IceCv)
  An ooze (D:2)
  An adder skeleton (D:5)
  An adder zombie (D:7)
  A dart slug (D:2)
  3 worms (D:3)
  4 leopard geckos
  25 orcs
  5 giant cockroaches
  7 goblins
  8 hobgoblins
  4 jackals (D:7)
  2 quokkas
  3 ball pythons
  7 bats
  9 frilled lizards
  6 kobolds
  A leopard gecko zombie (D:8)
  10 rats
195 creatures vanquished.

Vanquished Creatures (collateral kills)
  A death yak simulacrum (IceCv)
  An elephant simulacrum (IceCv)
  A wolf simulacrum (IceCv)
3 creatures vanquished.

Vanquished Creatures (others)
  A fungus (Lair:1)
1 creature vanquished.

Grand Total: 199 creatures vanquished

Notes
Turn   | Place    | Note
-------+----------+-------------------------------------------
     0 | D:1      | Rrauwl the Gargoyle Artificer began the quest for the Orb.
     0 | D:1      | Reached XP level 1. HP: 12/12 MP: 2/2
   163 | D:1      | Reached skill level 1 in Short Blades
   415 | D:1      | Reached XP level 2. HP: 16/16 MP: 4/4
  1359 | D:2      | Reached XP level 3. HP: 12/21 MP: 5/5
  1421 | D:2      | Reached skill level 2 in Fighting
  1596 | D:2      | Reached skill level 3 in Fighting
  1607 | D:2      | Reached XP level 4. HP: 24/28 MP: 6/6
  1629 | D:2      | Found an iron altar of Okawaru.
  2040 | D:3      | Reached skill level 4 in Fighting
  2168 | D:3      | Reached XP level 5. HP: 33/33 MP: 7/7
  2528 | D:3      | Reached skill level 5 in Fighting
  2688 | D:4      | Noticed an ogre
  2727 | D:4      | Found a staircase to the Ecumenical Temple.
  2727 | D:4      | Found a blossoming altar of Fedhas.
  2728 | D:4      | Found a faded altar of an unknown god.
  2736 | D:4      | Became a worshipper of Elyvilon the Healer
  2736 | D:4      | Reached * piety under Elyvilon
  2746 | Temple   | Entered the Ecumenical Temple
  2986 | D:4      | Reached XP level 6. HP: 25/40 MP: 8/8
  3142 | D:4      | Reached ** piety under Elyvilon
  3182 | D:4      | Reached skill level 1 in Spellcasting
  3309 | D:4      | Reached skill level 1 in Invocations
  3393 | D:4      | Found a shadowy altar of Dithmenos.
  3518 | D:4      | Found a hazy altar of Hepliaklqana.
  3621 | D:5      | Entered Level 5 of the Dungeon
  3726 | D:5      | Noticed a phantom
  3763 | D:5      | Killed a phantom
  3763 | D:5      | Reached skill level 6 in Fighting
  3763 | D:5      | Reached XP level 7. HP: 41/46 MP: 8/10
  4020 | D:5      | Noticed Ijyb
  4030 | D:5      | Killed Ijyb
  4069 | D:5      | Noticed Pikel
  4128 | D:5      | Killed Pikel
  4128 | D:5      | Reached skill level 7 in Fighting
  4128 | D:5      | Reached XP level 8. HP: 45/53 MP: 11/13
  4207 | D:6      | Reached *** piety under Elyvilon
  4512 | D:6      | Reached skill level 1 in Staves
  4512 | D:6      | Reached skill level 1 in Crossbows
  4551 | D:6      | Reached skill level 5 in Invocations
  4812 | D:6      | Found an opulent altar of Gozag.
  4934 | D:7      | Reached skill level 8 in Fighting
  4934 | D:7      | Reached XP level 9. HP: 34/59 MP: 15/15
  5102 | D:7      | Reached **** piety under Elyvilon
  5241 | D:7      | Found an ancient bone altar of Kikubaaqudgha.
  5591 | D:7      | Found a deep blue altar of Sif Muna.
  5715 | D:7      | Found Luatas's Armour Boutique.
  5961 | D:8      | Found a radiant altar of Vehumet.
  6093 | D:8      | Noticed a two-headed ogre
  6111 | D:8      | Killed a two-headed ogre
  6111 | D:8      | Reached skill level 9 in Fighting
  6111 | D:8      | Reached skill level 5 in Staves
  6111 | D:8      | Reached XP level 10. HP: 38/66 MP: 16/16
  6197 | D:8      | Found a staircase to the Lair.
  6232 | D:8      | Reached skill level 5 in Crossbows
  6626 | D:8      | Reached ***** piety under Elyvilon
  6837 | D:8      | Noticed an angel
  6838 | D:8      | Found a glowing silver altar of Zin.
  6930 | Lair:1   | Entered Level 1 of the Lair of Beasts
  6948 | Lair:1   | Noticed a spiny frog
  6951 | Lair:1   | Noticed a spiny frog
  7033 | Lair:1   | Found a frozen archway.
  7084 | IceCv    | Entered an ice cave
  7091 | IceCv    | HP: 1/68 [death yak simulacrum (32)]
  7134 | IceCv    | Reached skill level 1 in Armour
  7158 | IceCv    | Reached skill level 1 in Shields
  7184 | IceCv    | Reached skill level 10 in Fighting
  7276 | IceCv    | Elyvilon protects you from harm!
  7277 | IceCv    | HP: 1/68 [freezing wraith (5)]
  7277 | IceCv    | Elyvilon protects you from harm!
  7278 | IceCv    | Elyvilon protects you from harm!
  7279 | IceCv    | Elyvilon protects you from harm!
  7280 | IceCv    | Elyvilon protects you from harm!
  7280 | IceCv    | Elyvilon protects you from harm!
  7280 | IceCv    | Mangled by a freezing wraith

Skill      XL: |  1  2  3  4  5  6  7  8  9 10 |
---------------+-------------------------------+-----
Short Blades   | 1 |  1.1
Dodging        | 2 |  2.0
Evocations     | 3 |  3.0
Fighting       | 3 4 5 6 7 8 9 10 | 10.0
Spellcasting   | 2 3 4 |  4.0
Invocations    | 2 4 5 7 8 |  8.0
Staves         | 2 5 6 |  6.1
Crossbows      | 2 4 6 |  6.0
Armour         | 1 |  1.9
Shields        | 1 |  1.9
Stealth        | |  1.1

Action                   |  1- 3 |  4- 6 |  7- 9 | 10-12 || total
-------------------------+-------+-------+-------+-------++-------
Melee: Short sword       |   127 |   209 |       |       ||   336
       Rapier            |       |    45 |    62 |       ||   107
       Staff             |       |       |    19 |     9 ||    28
 Fire: Hand crossbow     |       |       |   222 |   135 ||   357
Invok: Greater Healing   |       |       |       |     3 ||     3
       Divine Protection |       |       |       |     2 ||     2
Evoke: Wand              |       |    19 |    23 |    32 ||    74
  Use: Potion            |     1 |       |       |     2 ||     3
       Scroll            |       |       |       |    14 ||    14
 Stab: Sleeping          |     4 |     4 |       |       ||     8
  Eat: Ration            |     1 |     1 |     1 |     1 ||     4
       Chunk             |       |     5 |     5 |     3 ||    13
Armor: Leather armour    |    12 |       |       |       ||    12
       Troll leather arm |    21 |    86 |   126 |    70 ||   303
Dodge: Dodged            |    93 |   120 |    81 |    62 ||   356
Block: Shield            |       |    36 |    73 |    15 ||   124
       Buckler           |       |       |       |     6 ||     6
